 Dungeon Crawl Stone Soup version 0.30.1-11-g7821555f0a (webtiles) character file.

Game seed: 14199047885181135472

765 CaptainMV the Covert (level 7, -3/61 HPs)
             Began as a Naga Wanderer on Jan 16, 2024.
             Was an Initiate of Ru.
             Slain by a gnoll
             ... wielding a +0 spear
              (7 damage)
             ... on level 5 of the Dungeon.
             The game lasted 00:21:08 (2525 turns).

CaptainMV the Covert (Naga Wanderer)                Turns: 2525, Time: 00:21:08

Health: -3/61      AC:  7    Str: 14    XL:     7   Next: 81%
Magic:  7/7        EV:  5    Int: 10    God:    Ru [......]
Gold:   251        SH:  0    Dex: 13    Spells: 6/6 levels left

rFire   . . .        a - +0 scythe
rCold   . . .        (shield currently unavailable)
rNeg    . . .        e - +0 leather armour
rPois   +            p - +2 hat
rElec   .            c - +0 cloak
rCorr   .            (no gloves)
SInv    +            (no barding)
Will    +....        (no amulet)
Stlth   ++++         (no ring)
HPRegen 0.30/turn    (no ring)
MPRegen 0.10/turn

%: no passive effects
@: short of breath, flying, held, very slow
A: AC +2, large, see invisible, deformed body, poison resistance, slowness 2,
spit poison 1, naga tail 1, clumsy 1, strong-willed 1
a: Spit Poison, Renounce Religion


You were on level 5 of the Dungeon.
You worshipped Ru.
Ru was noncommittal.
You visited 1 branch of the dungeon, and saw 5 of its levels.

You collected 251 gold pieces.

Inventory:

Hand Weapons
 a - a +0 scythe (weapon)
 b - a +2 dagger of venom
 q - a +2 spear
Missiles
 r - a throwing net
Armour
 c - a +0 cloak (worn)
 e - a +0 leather armour (worn)
 p - a +2 hat (worn)
Jewellery
 k - a ring of protection from cold
Wands
 l - a wand of flame (14)
Scrolls
 g - 3 scrolls of teleportation
 j - 2 scrolls of identify
 s - 2 scrolls of fear
Potions
 d - a potion of berserk rage
 f - a potion of cancellation
 h - a potion of resistance {unknown}
 i - a potion of flight
 m - a potion of magic {unknown}
 n - a potion of curing {unknown}
 o - a potion of brilliance


   Skills:
 + Level 2.4 Fighting
 + Level 2.2 Short Blades
 + Level 5.7 Polearms
 + Level 2.8 Armour
 + Level 1.7 Dodging
 + Level 8.4 Stealth
 + Level 2.0 Evocations


You had 6 spell levels left.
You didn't know any spells.
Your spell library contained the following spells:

 Spells                   Type           Power      Damage    Failure   Level
 Magic Dart               Conj           0%         1d3       43%         1
 Call Imp                 Summ           0%         N/A       56%         2
 Inner Flame              Hex/Fire       0%         N/A       80%         3
 Mephitic Cloud           Conj/Pois/Air  0%         N/A       80%         3
 Flame Wave               Conj/Fire      0%         2d4       99%         4
 Sticky Flame             Conj/Fire      0%         2d3       99%         4


Dungeon Overview and Level Annotations

Branches:
Dungeon (5/15)
 Temple: D:4-7

Altars:
Ru


Innate Abilities, Weirdness & Mutations

Your serpentine skin is tough. (AC +2)
You have supernaturally acute eyesight. (SInv)
Armour fits poorly on your strangely shaped body.
Your system is resistant to poisons. (rPois)
You cover ground very slowly.
You can spit poison.
You have a snake-like lower body.
You are clumsy. (Dex -2)
You are strong-willed. (Will+)


Message History

You closely miss Edmund.
Edmund is almost dead.
You kill Edmund!
The gnoll hits you from afar with a +0 spear.
Your Short Blades skill increases to level 2!
The gnoll hits you from afar with a +0 spear.
The gnoll closely misses you. The gnoll attacks as you move away!
The gnoll hits you with a +0 whip.
* * * LOW HITPOINT WARNING * * *
There is a stone staircase leading up here.
You hit the gnoll.
The gnoll is poisoned.
The gnoll is moderately wounded.
The gnoll hits you with a +0 whip!
* * * LOW HITPOINT WARNING * * *
You barely miss the gnoll.
The gnoll is moderately wounded.
The gnoll completely misses you. The gnoll barely misses you.
Your +2 dagger of venom stops dripping with poison.
a - a +0 scythe (weapon)
You puncture the gnoll!
You kill the gnoll!
The gnoll hits you from afar with a +0 spear.
* * * LOW HITPOINT WARNING * * *
Aiming: Spit Poison (1% risk of failure)
Press: ? - help, Shift-Dir - straight line, f - gnoll
Aim: a gnoll, wielding a +0 spear and quivering 2 throwing nets (65% to hit)
The splash of poison hits the gnoll.
The gnoll is lightly wounded.
The gnoll throws a throwing net.
The throwing net hits you.
You become entangled in the net!
You tear a large gash into the net.
The gnoll hits you from afar with a +0 spear.
* * * LOW HITPOINT WARNING * * *
It was a potion of cancellation.
You feel magically purged. The gnoll closely misses you.
It was a potion of flight.
You feel very buoyant.
You fly up into the air.
The gnoll hits you from afar with a +0 spear!
You die...

### ...
#.# ...
.!#.#.###
....g.sg#
#g# #)#
#@# #.#
#.# #.#
#$# #.#
#.# #.#


You could see a scorpion and 2 gnolls.

Vanquished Creatures
  Sigmund (D:4)
  Edmund (D:5)
  A phantom (D:4)
  Blork the orc (D:4)
  A scorpion (D:4)
  A hound (D:4)
  An iguana (D:4)
  Natasha (thrice) (D:2)
  Terence (D:3)
  A gnoll (D:5)
  5 adders
  A worm (D:3)
  4 dart slugs
  2 orcs (D:3)
  6 ball pythons
  4 bats
  An endoplasm (D:2)
  2 giant cockroaches (D:2)
  3 goblins
  6 hobgoblins
  10 jackals
  6 kobolds
  6 quokkas
  3 frilled lizards
  A rat (D:2)
72 creatures vanquished.

Notes
Turn   | Place    | Note
-------+----------+-------------------------------------------
     0 | D:1      | CaptainMV the Naga Wanderer began the quest for the Orb.
     0 | D:1      | CaptainMV set off with the following items: a +2 spear, a
                  | potion of lignification, a +0 cloak, a potion of berserk
                  | rage, a +0 leather armour.
     0 | D:1      | Reached XP level 1. HP: 15/15 MP: 1/1
   214 | D:1      | Reached XP level 2. HP: 13/22 MP: 2/2
   296 | D:1      | Found a faded altar of an unknown god.
   339 | D:1      | Gained mutation: You are clumsy. (Dex -2) [potion of
                  | mutation]
   339 | D:1      | Gained mutation: You are strong-willed. (Will+) [potion of
                  | mutation]
   615 | D:2      | Noticed Natasha
   627 | D:2      | Killed Natasha
   628 | D:2      | Reached skill level 5 in Stealth
   628 | D:2      | Reached XP level 3. HP: 9/28 MP: 3/3
   639 | D:2      | Noticed Natasha
   648 | D:2      | Killed Natasha
   649 | D:2      | Reached XP level 4. HP: 5/36 MP: 4/4
   844 | D:2      | Reached skill level 5 in Polearms
  1010 | D:2      | Noticed Natasha
  1022 | D:2      | Killed Natasha
  1023 | D:2      | Reached XP level 5. HP: 23/43 MP: 5/5
  1207 | D:3      | Noticed Terence
  1224 | D:3      | Killed Terence
  1225 | D:3      | Reached skill level 6 in Stealth
  1378 | D:3      | Reached skill level 1 in Fighting
  1878 | D:4      | Reached XP level 6. HP: 41/51 MP: 6/6
  1936 | D:4      | Found a sacrificial altar of Ru.
  1941 | D:4      | Noticed Sigmund
  1957 | D:4      | Killed Sigmund
  1958 | D:4      | Reached skill level 1 in Short Blades
  1958 | D:4      | Reached skill level 1 in Dodging
  1958 | D:4      | Reached skill level 7 in Stealth
  1981 | D:4      | Became a worshipper of Ru the Awakened
  2021 | D:4      | Reached XP level 7. HP: 50/58 MP: 7/7
  2039 | D:4      | Noticed Blork the orc
  2047 | D:4      | Killed Blork the orc
  2129 | D:4      | Reached skill level 8 in Stealth
  2505 | D:5      | Entered Level 5 of the Dungeon
  2505 | D:5      | Noticed Edmund
  2515 | D:5      | Killed Edmund
  2525 | D:5      | Slain by a gnoll

Illustrated notes

Levels and vault maps discovered:
D:1:      ncdulo_halloftheorcs, layout_loops_ring,
          shapermc_ecumenical_altar_starsandcircs
D:2:      layout_basic, uniq_natasha
D:3:      layout_basic, skrybe_limestone_x, uniq_terence
D:4:      layout_loops_cross, amcnicky_altar_gilded, dk_vineyard_2,
          st_stairs_13, nicolae_titane, uniq_sigmund, uniq_blork_the_orc
D:5:      layout_loops_ring, temple_statues, cheibrodos_gnoll_hut, uniq_pikel,
          uniq_edmund

Skill      XL: |  1  2  3  4  5  6  7 |
---------------+----------------------+-----
Stealth        | 5 6 7 8 |  8.4
Polearms       | 5 |  5.7
Fighting       | 1 2 |  2.4
Armour         | 2 |  2.8
Short Blades   | 1 2 |  2.2
Dodging        | 1 |  1.7
Evocations     | |  2.0

Action                     |  1- 3 |  4- 6 |  7- 9 || total
---------------------------+-------+-------+-------++-------
  Melee: Spear             |    54 |    61 |       ||   115
         Dagger            |       |    57 |    32 ||    89
         Punch             |       |     1 |     1 ||     2
         Halberd           |       |     8 |    12 ||    20
Ability: Spit Poison       |     3 |     3 |     3 ||     9
    Use: Scroll            |     2 |     1 |     2 ||     5
         Potion            |     2 |       |     2 ||     4
   Stab: Sleeping          |     6 |    15 |     3 ||    24
 Armour: Leather armour    |     8 |    28 |    20 ||    56
         Skin              |     8 |       |       ||     8
  Dodge: Dodged            |    10 |    41 |    32 ||    83
